 Dungeon Crawl Stone Soup version 0.31-a0-981-geadf994542 (webtiles) character file.

Game seed: 7599635544927848057

4951 jestert79 the Arsonist (level 10, -3/60 HPs)
             Began as a Tengu Fire Elementalist on Oct 31, 2023.
             Was a Believer of Vehumet.
             Slain by an orc warrior
             ... wielding a +0 halberd
              (19 damage)
             ... in a bailey on Nov 1, 2023.
             The game lasted 01:02:05 (11475 turns).

jestert79 the Arsonist (Tengu Fire Elementalist)   Turns: 11475, Time: 01:02:07

Health: -3/60      AC: 10    Str: 10    XL:     10   Next: 52%
Magic:  2/17       EV: 18    Int: 19    God:    Vehumet [**....]
Gold:   410        SH:  0    Dex: 14    Spells: 3/17 levels left

rFire   . . .        a - +4 scimitar (flame)
rCold   + + .        (no shield)
rNeg    . . .        m - +2 robe {Will+}
rPois   .            (helmet restricted)
rElec   .            G - +2 cloak
rCorr   .            r - +2 pair of gloves
SInv    .            (boots unavailable)
Will    ++...        j - amulet "Faosyn" {rC+ Will+ Regen+}
Stlth   +++          E - ring of protection from cold
HPRegen 1.10/turn    (no ring)
MPRegen 0.15/turn

%: acrobat
@: flying
A: beak, talons 3, evasive flight, acrobatic
a: Renounce Religion


You were in a bailey.
You worshipped Vehumet.
Vehumet was pleased with you.
You visited 2 branches of the dungeon, and saw 11 of its levels.
You also visited: Bailey.

You collected 424 gold pieces.
You spent 14 gold pieces at shops.

Inventory:

Hand Weapons
 a - a +4 scimitar of flaming (weapon)
 d - a +0 dagger
 p - a +1 dagger of draining
Missiles
 e - 91 stones
 A - 4 throwing nets
 D - a curare-tipped dart
Armour
 m - a +2 robe of willpower (worn)
 r - a +2 pair of gloves (worn)
 G - a +2 cloak (worn)
Jewellery
 j - the amulet "Faosyn" (around neck) {rC+ Will+ Regen+}
   (You acquired it on level 8 of the Dungeon)

   [amulet of regeneration]

   rC+:       It protects you from cold.
   Will+:     It increases your willpower.
   Regen+:    It increases your rate of health regeneration.
 y - the ring of Vechuck {Ice Str+2}
   (You found it on level 4 of the Dungeon)

   [ring of ice]

   Ice:       It enhances your ice magic.
   Str+2:     It affects your strength (+2).
   rF-:       It makes you vulnerable to fire.
   rC+:       It protects you from cold.
 E - a ring of protection from cold (left hand)
Wands
 B - a wand of digging (5)
 J - a wand of acid (5)
Scrolls
 h - 2 scrolls of teleportation
 n - a scroll of fear
 x - a scroll of immolation
 z - a scroll of enchant armour
Potions
 b - 2 potions of magic
 f - a potion of attraction
 i - a potion of resistance
 k - 6 potions of curing
 l - a potion of heal wounds {unknown}
 o - a potion of brilliance
 t - a potion of ambrosia {unknown}
 u - a potion of cancellation {unknown}
 w - 3 potions of haste {unknown}
 C - a potion of might {unknown}
 F - a potion of lignification {unknown}
 I - a potion of enlightenment


   Skills:
 + Level 5.6 Fighting
 - Level 4.3(5.1) Short Blades
 + Level 4.2(5.1) Long Blades
 + Level 4.9 Dodging
 - Level 7.0 Stealth
 - Level 4.4 Spellcasting
 - Level 6.2 Conjurations
 - Level 2.0 Hexes
 - Level 2.0 Translocations
 + Level 8.5 Fire Magic


You had 3 spell levels left.
You knew the following spells:

 Your Spells              Type           Power      Damage    Failure   Level
a - Foxfire               Conj/Fire      100%       2x1d9     1%          1
b - Scorch                Fire           72%        2d8       1%          2
c - Inner Flame           Hex/Fire       24%        N/A       4%          3
d - Volatile Blastmotes   Fire/Tloc      48%        2d14      4%          3
e - Apportation           Tloc           22%        N/A       6%          1
f - Flame Wave            Conj/Fire      32%        2d9       6%          4

Your spell library contained the following spells:

 Spells                   Type           Power      Damage    Failure   Level
 Kiss of Death            Conj/Necr      64%        2d10      3%          1
 Dazzling Flash           Conj/Hex       38%        N/A       8%          3
 Necrotise                Necr           16%        1d4       13%         1
 Summon Small Mammal      Summ           16%        N/A       13%         1
 Vampiric Draining        Necr           4%         2d6       36%         3
 Starburst                Conj/Fire      16%        6d6       67%         6
 Agony                    Necr           4%         N/A       98%         5
 Maxwell's Capacitive Co  Air            2%         ∞         100%        8


Dungeon Overview and Level Annotations

Branches:
Dungeon (11/15)            Temple (1/1) D:6            Lair (0/5) D:10
 Bailey (1/1)
    Orc: D:9-12

Altars:
Cheibriados
Dithmenos
Elyvilon
Fedhas
Gozag
Hepliaklqana
Kikubaaqudgha
Makhleb
Nemelex Xobeh
Okawaru
Qazlal
Ru
Sif Muna
Trog
Uskayaw
Vehumet
Wu Jian
Xom
Zin
The Shining One

Shops:
D:1 =   D:2 =!(

Annotations:
D:5 2 transporters
D:7 Dowan, Duvessa


Innate Abilities, Weirdness & Mutations

You have a beak for a mouth.
You have claws for feet.
Your magical flight helps you evade attacks. (EV +4)
You can magically evade attacks while moving or waiting.


Message History

Casting: Scorch (safe; 1% risk of failure)
Confirm with . or Enter, or press ? or * to list all spells.
Flames lash the orc warrior.
The orc warrior is lightly wounded.
The orc warrior's fire resistance burns away.
The orc knight hits you from afar with a +0 halberd.
Aiming: Corrosive Bolt
Press: ? - help, Shift-Dir - straight line, f/p - orc knight
Aim: an orc knight, wielding a +0 halberd and wearing a +0 chain mail (almost dead, more vulnerable to fire, covered in acid, 68% to hit)
The bolt of acid hits the orc knight!
You kill the orc knight!
Vehumet accepts your kill.
You feel your power returning.
The bolt of acid misses the orc warrior.
The orc warrior is no longer more vulnerable to fire.
Your base Long Blades skill increases to level 4!
Casting: Scorch (safe; 1% risk of failure)
Confirm with . or Enter, or press ? or * to list all spells.
Flames lash the orc warrior.
The orc warrior is moderately wounded.
The orc warrior's fire resistance burns away.
The orc warrior misses you.
Casting: Scorch (safe; 1% risk of failure)
Confirm with . or Enter, or press ? or * to list all spells.
Flames lash the orc warrior but do no damage.
The orc warrior closely misses you.
Casting: Scorch (safe; 1% risk of failure)
Confirm with . or Enter, or press ? or * to list all spells.
Flames lash the orc warrior.
The orc warrior is burned terribly!
The orc warrior is severely wounded.
The orc warrior hits you from afar with a +0 halberd!
* * * LOW HITPOINT WARNING * * *
Unknown command.
Aiming: Corrosive Bolt
Press: ? - help, Shift-Dir - straight line, f - orc warrior
Aim: an orc warrior, wielding a +0 halberd and wearing a +0 chain mail (severely wounded, strong, more vulnerable to fire, 68% to hit)
The bolt of acid hits the orc warrior.
The orc warrior is almost dead.
The orc warrior hits you from afar with a +0 halberd!!
You die...

.≈≈≈....##....##...≈≈≈.≈≈......#
........##.....##..............#
........##''§#..##.............#
....##..##∩%o##..#......)).....#
....##.####o####.##............#
....##.')#...#)')##............#
....##.###.8o###o##............#
....##.'.#?.)#)'.##............#
....##.#########@##............#
.)...#..##)#)##..#.............#
.....##..#'#'#..##.............#
......##..!....##..............#
)≈≈≈...#########...≈≈≈.≈≈......#
.##≈......###......≈##.#≈≈.....#
.∩#≈...............≈#∩.##≈.....#
....................)...#≈.....#
.##≈...............≈##.##≈.....


You could see an orc warrior (strong, combustible).

Vanquished Creatures
  Erica (D:10)
  An orc knight (Bailey)
  Jeremiah (D:8)
  Psyche (D:8)
  Sigmund (D:5)
  2 water moccasins
  8 orc warriors (Bailey)
  2 sky beasts
  A black bear (D:5)
  3 ogres
  A centaur (D:6)
  A phantom (D:7)
  A kobold brigand (D:7)
  4 bullfrogs
  A gnoll sergeant (D:7)
  4 wights (D:7)
  3 howler monkeys
  3 vampire bats (D:3)
  4 orc priests
  2 gnoll boudas
  A jelly (D:6)
  Crazy Yiuf (D:5)
  4 iguanas
  2 sleepcaps
  5 orc wizards (D:8)
  8 gnolls
  7 adders
  A white imp (D:6)
  A worm (D:4)
  3 dart slugs
  42 orcs
  2 bat skeletons (D:3)
  2 bat zombies (D:3)
  5 endoplasms
  3 giant cockroaches
  8 goblins
  6 hobgoblins
  9 jackals
  3 quokkas
  6 ball pythons
  A bat (D:1)
  5 frilled lizards
  16 kobolds
  15 rats
201 creatures vanquished.

Vanquished Creatures (collateral kills)
  9 foxfires
9 creatures vanquished.

Vanquished Creatures (others)
  439 foxfires
439 creatures vanquished.

Grand Total: 649 creatures vanquished

Notes
Turn   | Place    | Note
-------+----------+-------------------------------------------
     0 | D:1      | jestert79 the Tengu Fire Elementalist began the quest for
                  | the Orb.
     0 | D:1      | Reached XP level 1. HP: 10/10 MP: 4/4
   325 | D:1      | Reached XP level 2. HP: 15/15 MP: 4/6
   328 | D:1      | Learned a level 2 spell: Scorch
   482 | D:1      | Found Qefylen's Jewellery Shoppe.
   867 | D:1      | Reached XP level 3. HP: 19/19 MP: 2/7
  1238 | D:2      | Found Izythodi's Weapon Shop.
  1761 | D:2      | Found Isemaf's Jewellery Shoppe.
  1825 | D:2      | Reached skill level 4 in Fire Magic
  2096 | D:2      | Reached XP level 4. HP: 24/24 MP: 6/8
  2122 | D:2      | Found Hoeplu Kuost's Distillery.
  2129 | D:2      | Bought a potion of degeneration for 14 gold pieces
  2388 | D:2      | Learned a level 3 spell: Inner Flame
  2836 | D:3      | Found a hide-covered altar of Uskayaw.
  3193 | D:3      | Found an iron altar of Okawaru.
  3419 | D:3      | Found an ancient bone altar of Kikubaaqudgha.
  3424 | D:3      | Reached XP level 5. HP: 28/28 MP: 4/9
  3536 | D:3      | Reached XP level 6. HP: 32/32 MP: 3/10
  3594 | D:3      | Learned a level 3 spell: Volatile Blastmotes
  3727 | D:3      | Reached skill level 5 in Fire Magic
  3854 | D:3      | Found an ornate altar of the Wu Jian Council.
  5014 | D:4      | Identified the ring of Vechuck {Ice Str+2}
  5144 | D:4      | Reached skill level 1 in Hexes
  5144 | D:4      | Reached skill level 1 in Translocations
  5144 | D:4      | Gained mutation: Your magical flight helps you evade
                  | attacks. (EV +4) [Tengu growth]
  5144 | D:4      | Reached XP level 7. HP: 36/36 MP: 5/11
  5317 | D:5      | Entered Level 5 of the Dungeon
  5336 | D:5      | Found a transporter.
  5391 | D:5      | Reached skill level 5 in Stealth
  5472 | D:5      | Found a transporter.
  5476 | D:5      | Learned a level 1 spell: Apportation
  5568 | D:5      | Noticed Sigmund
  6097 | D:5      | Killed Sigmund
  6098 | D:5      | Reached skill level 6 in Fire Magic
  6098 | D:5      | Reached XP level 8. HP: 41/41 MP: 4/12
  6274 | D:5      | Found a runed translucent door.
  6275 | D:5      | Noticed Crazy Yiuf
  6445 | D:5      | Reached skill level 5 in Conjurations
  6744 | D:6      | Found a staircase to the Ecumenical Temple.
  6761 | Temple   | Entered the Ecumenical Temple
  6771 | Temple   | Became a worshipper of Vehumet
  7073 | D:6      | Reached skill level 7 in Fire Magic
  7635 | D:7      | Reached skill level 1 in Short Blades
  7806 | D:7      | Reached skill level 1 in Fighting
  7993 | D:7      | Reached XP level 9. HP: 49/49 MP: 6/13
  8980 | D:7      | Found a sparkling altar of Nemelex Xobeh.
  9087 | D:7      | Noticed Duvessa
  9087 | D:7      | Noticed Dowan
  9256 | D:7      | Learned a level 4 spell: Flame Wave
  9324 | D:7      | Found the +5 moon troll leather armour {Spirit, Regen++
                  | MP+5}
  9443 | D:7      | Found a stormy altar of Qazlal.
  9863 | D:5      | Killed Crazy Yiuf
 10037 | D:8      | Reached * piety under Vehumet
 10037 | D:8      | Offered knowledge of Freeze by Vehumet.
 10069 | D:8      | Noticed Jeremiah
 10107 | D:8      | Killed Jeremiah
 10108 | D:8      | Reached skill level 1 in Long Blades
 10297 | D:8      | Identified a scroll of acquirement
 10297 | D:8      | Acquired the amulet "Faosyn" {rC+ Will+ Regen+}
 10358 | D:8      | Noticed Psyche
 10385 | D:8      | Killed Psyche
 10520 | D:8      | Found a bloodstained altar of Trog.
 10748 | D:8      | You are sucked into a shaft and drop 3 floors!
 10764 | D:10     | Entered Level 10 of the Dungeon
 10792 | D:10     | Noticed Erica
 10804 | D:10     | Killed Erica
 10805 | D:10     | Reached skill level 5 in Fighting
 10805 | D:10     | Reached skill level 8 in Fire Magic
 10805 | D:10     | Reached XP level 10. HP: 40/59 MP: 2/17
 10930 | D:10     | Found a flagged portal.
 10939 | Bailey   | Entered a bailey
 11121 | Bailey   | Offered knowledge of Kiss of Death by Vehumet.
 11219 | Bailey   | Reached ** piety under Vehumet
 11451 | Bailey   | Noticed an orc knight
 11471 | Bailey   | Killed an orc knight
 11475 | Bailey   | Slain by an orc warrior

Illustrated notes

Levels and vault maps discovered:
D:1:      enne_arrival_octagon_isle, layout_basic, serial_shops,
          nicolae_shop_crystal, minmay_misc_feat_roman
D:2:      layout_basic, serial_shops, nicolae_shop_waterfront, shop, shop,
          minmay_rat_gold_closets
D:3:      layout_loops_cross, kennysheep_vampire_church,
          mainiacjoe_overflow_catch_the_wave,
          nicolae_wu_jian_immortal_techniques, dreamdust_mushroom_princess
D:4:      layout_loops_corners, chequers_decorated_corner
D:5:      gammafunk_cloud_chamber, layout_loops_cross, uniq_crazy_yiuf_cottage,
          uniq_sigmund
D:6:      layout_basic, minmay_temple_entry_ruins
D:7:      layout_loops_ring, nemelex_diamond_rough_becter, marbit_many_paths,
          uniq_duvessa
D:8:      layout_loops_cross, ashenzari_conservatory_becter, bloody_trog,
          dreamdust_gnoll_shepherd, uniq_jeremiah, uniq_amaemon, uniq_psyche
D:10:     layout_basic, david_lair_generic, enter_bailey_3, uniq_grum,
          uniq_erica
D:11:     layout_grid_maze, uniq_fannar, uniq_maurice, uniq_urug
Temple:   nicolae_temple_bog_church
Bailey:   bailey_polearm_2, bailey

Skill      XL: |  1  2  3  4  5  6  7  8  9 10 |
---------------+-------------------------------+-----
Conjurations   | 2 3 4 6 |  6.2
Stealth        | 3 4 5 7 |  7.0
Fire Magic     | 4 5 6 7 8 |  8.5
Hexes          | 1 2 |  2.0
Translocations | 1 2 |  2.0
Short Blades   | 2 4 |  4.3
Fighting       | 2 5 |  5.6
Spellcasting   | 4 |  4.4
Long Blades    | 3 4 |  4.2
Dodging        | 4 |  4.9

Action                     |  1- 3 |  4- 6 |  7- 9 | 10-12 || total
---------------------------+-------+-------+-------+-------++-------
  Melee: Dagger            |    26 |    12 |    67 |       ||   105
         Peck              |     4 |     3 |    14 |       ||    21
         Kick              |     7 |     2 |    21 |     3 ||    33
         Punch             |       |       |     1 |       ||     1
         Falchion          |       |       |    17 |       ||    17
         Scimitar          |       |       |       |    17 ||    17
   Cast: Foxfire           |    63 |   103 |    64 |    47 ||   277
         Scorch            |     2 |    17 |    66 |    15 ||   100
         Volatile Blastmot |       |       |     8 |     1 ||     9
         Flame Wave        |       |       |     5 |       ||     5
         Apportation       |       |       |     2 |       ||     2
         Inner Flame       |       |       |     1 |       ||     1
  Evoke: Wand              |       |       |       |     4 ||     4
    Use: Scroll            |       |       |    16 |       ||    16
   Stab: Sleeping          |       |       |     1 |     2 ||     3
 Armour: Robe              |    21 |    20 |    55 |    26 ||   122
  Dodge: Dodged            |    27 |    53 |   126 |    45 ||   251

Table legend: (Time is in decaauts)
 A = Elapsed time spent in this place.
 B = Non-inter-level travel time spent in this place.
 C = Inter-level travel time spent in this place.
 D = Time resting spent in this place.
 E = Time spent auto-exploring this place.
 F = Levels seen in this place.
 G = Mean time per level.
                   A        B        C        D        E       F      G
               +--------+--------+--------+--------+--------+-----+--------+
         Total |  11485 |  10771 |    714 |   3076 |   5347 |  12 |  957.1 |
       Dungeon |  10926 |  10221 |    705 |   2830 |   5347 |  10 | 1092.6 |
        Temple |     20 |     11 |      9 |      0 |      0 |   1 |   20.0 |
        Bailey |    538 |    538 |      0 |    246 |      0 |   1 |  538.0 |
               +--------+--------+--------+--------+--------+-----+--------+

Top non-repeatable levels by time:
     D:7: 1940 daAuts
     D:5: 1632 daAuts
     D:3: 1622 daAuts
     D:4: 1306 daAuts
     D:2: 1286 daAuts
     D:6: 1223 daAuts
     D:1: 1197 daAuts
  Bailey: 538 daAuts
     D:8: 528 daAuts
    D:10: 174 daAuts
  Temple: 20 daAuts
    D:11: 15 daAuts
